Workbook

Sheet 1 BIRIF
B2: OFERTA ECONÓMICA
B3: OBJETO
B4: Nombre o razón social del proponente | I4: Fecha de elaboración
B5: NIT del proponente
B6: Nombre del representante legal
B8: N° | C8: CONCEPTO | D8: A | E8: B | F8: C | G8: D | H8: E | I8: F | J8: G
D9: SUELDO MES BÁSICO | E9: CANTIDAD | F9: % DE DEDICACIÓN | G9: F.M. | H9: VALOR MES (A * B * C * D) | I9: N° DE MESES | J9: TOTAL PARCIAL (E * F)
B10: 1 | C10: PERSONAL FRENTE | J10: =J11 -> 0
B11: 1.1 | C11: PERSONAL | J11: =SUM(J12:J16) -> 0
B12: 1.1.1 | C12: PERSONAL REQUERIDO 1 | G12: =' FACTOR MULTIPLICADOR'!E41 -> 0 | H12: =D12*E12*F12*G12 -> 0 | J12: =H12*I12 -> 0
B13: 1.1.2 | C13: PERSONAL REQUERIDO 2 | G13: =' FACTOR MULTIPLICADOR'!E41 -> 0 | H13: =D13*E13*F13*G13 -> 0 | J13: =H13*I13 -> 0
B14: 1.1.3 | C14: PERSONAL REQUERIDO 3 | G14: =+' FACTOR MULTIPLICADOR'!E41 -> 0 | H14: =D14*E14*F14*G14 -> 0 | J14: =H14*I14 -> 0 | N14: DE ACUERDO AL PERSONAL REQUERIDO DEL FRENTE DE INTERVENTORIA EN EL PLIEGO DE CONDICIONES
B15: 1.1.4 | C15: PERSONAL REQUERIDO 4 | G15: =+' FACTOR MULTIPLICADOR'!E41 -> 0 | H15: =D15*E15*F15*G15 -> 0 | J15: =H15*I15 -> 0
B16: 1.1.5 | C16: PERSONAL REQUERIDO 5 | G16: =+' FACTOR MULTIPLICADOR'!E41 -> 0 | H16: =D16*E16*F16*G16 -> 0 | J16: =H16*I16 -> 0
C17: SUB-TOTAL COSTOS DE PERSONAL | J17: =J10 -> 0
B18: OTROS COSTOS DIRECTOS
B19: 2 | C19: OTROS COSTOS DIRECTOS | D19: UND | E19: CANTIDAD | G19: VR. UNITARIO | I19: N° DE MESES | J19: VR. TOTAL
B20: 2.1 | C20: Papelería, informes y copias | D20: GLOBAL | E20: 1 | J20: =E20*G20 -> 0
J21: =E21*G21 -> 0 | M21: INSERTE LOS CAMPOS QUE REQUIERA
J22: =E22*G22 -> 0
J23: =E23*G23 -> 0
J24: =E24*G24 -> 0
J25: =E25*G25 -> 0
J26: =E26*G26 -> 0
J27: =E27*G27 -> 0
J28: =E28*G28 -> 0 | N28: PRESUPUESTO ASIGNADO AL FRENTE | P28: 174063392
J29: =E29*G29 -> 0
C30: SUB-TOTAL OTROS COSTOS DIRECTOS | J30: =SUM(J20:J29) -> 0
B31: RESUMEN GENERAL
C32: COSTO TOTAL (1 + 2) | J32: =J17+J30 -> 0
C33: IVA (19%) | J33: =J32*19% -> 0
C34: VALOR TOTAL OFERTA | J34: =J32+J33 -> 0
J40: DIGITE ESTE VALOR EN SECOP II PARA EL FRENTE
B44: NOTA: DEBE DILIGENCIAR ESTE DOCUMENTO POR CADA UNO DE LOS FRENTES QUE INTEGRAN CADA GRUPO AL QUE SE PRESENTE (EN UN MISMO DOCUMENTO DE EXCEL EN DIFERENTES HOJAS), TODA VEZ QUE EL PERSONAL ES DISTINTO POR CADA UNO
B45: NOTA: SINO APORTA LA INFORMACION DE AL MENOS UN FRENTE DEL GRUPO SERA CAUSAL DE RECHAZO.
B46: NOTA: NO DEBE SUPERAR EL PRESUPUESTO ASIGNADO A CADA FRENTE, SO PENA DE RECHAZO DE LA OFERTA

Sheet 2 BITER 11
B2: OFERTA ECONÓMICA
B3: OBJETO
B4: Nombre o razón social del proponente | I4: Fecha de elaboración
B5: NIT del proponente
B6: Nombre del representante legal
B8: N° | C8: CONCEPTO | D8: A | E8: B | F8: C | G8: D | H8: E | I8: F | J8: G
D9: SUELDO MES BÁSICO | E9: CANTIDAD | F9: % DE DEDICACIÓN | G9: F.M. | H9: VALOR MES (A * B * C * D) | I9: N° DE MESES | J9: TOTAL PARCIAL (E * F)
B10: 1 | C10: PERSONAL FRENTE | J10: =J11 -> 0
B11: 1.1 | C11: PERSONAL | J11: =SUM(J12:J16) -> 0
B12: 1.1.1 | C12: PERSONAL REQUERIDO 1 | G12: =' FACTOR MULTIPLICADOR'!E41 -> 0 | H12: =D12*E12*F12*G12 -> 0 | J12: =H12*I12 -> 0
B13: 1.1.2 | C13: PERSONAL REQUERIDO 2 | G13: =' FACTOR MULTIPLICADOR'!E41 -> 0 | H13: =D13*E13*F13*G13 -> 0 | J13: =H13*I13 -> 0
B14: 1.1.3 | C14: PERSONAL REQUERIDO 3 | G14: =+' FACTOR MULTIPLICADOR'!E41 -> 0 | H14: =D14*E14*F14*G14 -> 0 | J14: =H14*I14 -> 0 | N14: DE ACUERDO AL PERSONAL REQUERIDO DEL FRENTE DE INTERVENTORIA EN EL PLIEGO DE CONDICIONES
B15: 1.1.4 | C15: PERSONAL REQUERIDO 4 | G15: =+' FACTOR MULTIPLICADOR'!E41 -> 0 | H15: =D15*E15*F15*G15 -> 0 | J15: =H15*I15 -> 0
B16: 1.1.5 | C16: PERSONAL REQUERIDO 5 | G16: =+' FACTOR MULTIPLICADOR'!E41 -> 0 | H16: =D16*E16*F16*G16 -> 0 | J16: =H16*I16 -> 0
C17: SUB-TOTAL COSTOS DE PERSONAL | J17: =J10 -> 0
B18: OTROS COSTOS DIRECTOS
B19: 2 | C19: OTROS COSTOS DIRECTOS | D19: UND | E19: CANTIDAD | G19: VR. UNITARIO | I19: N° DE MESES | J19: VR. TOTAL
B20: 2.1 | C20: Papelería, informes y copias | D20: GLOBAL | E20: 1 | J20: =E20*G20 -> 0
J21: =E21*G21 -> 0 | M21: INSERTE LOS CAMPOS QUE REQUIERA
J22: =E22*G22 -> 0
J23: =E23*G23 -> 0
J24: =E24*G24 -> 0
J25: =E25*G25 -> 0
J26: =E26*G26 -> 0
J27: =E27*G27 -> 0
J28: =E28*G28 -> 0 | N28: PRESUPUESTO ASIGNADO AL FRENTE | P28: 1.1305094e+08
J29: =E29*G29 -> 0
C30: SUB-TOTAL OTROS COSTOS DIRECTOS | J30: =SUM(J20:J29) -> 0
B31: RESUMEN GENERAL
C32: COSTO TOTAL (1 + 2) | J32: =J17+J30 -> 0
C33: IVA (19%) | J33: =J32*19% -> 0
C34: VALOR TOTAL OFERTA | J34: =J32+J33 -> 0
J40: DIGITE ESTE VALOR EN SECOP II PARA EL FRENTE
B44: NOTA: DEBE DILIGENCIAR ESTE DOCUMENTO POR CADA UNO DE LOS FRENTES QUE INTEGRAN CADA GRUPO AL QUE SE PRESENTE (EN UN MISMO DOCUMENTO DE EXCEL EN DIFERENTES HOJAS), TODA VEZ QUE EL PERSONAL ES DISTINTO POR CADA UNO
B45: NOTA: SINO APORTA LA INFORMACION DE AL MENOS UN FRENTE DEL GRUPO SERA CAUSAL DE RECHAZO.
B46: NOTA: NO DEBE SUPERAR EL PRESUPUESTO ASIGNADO A CADA FRENTE, SO PENA DE RECHAZO DE LA OFERTA

Sheet  FACTOR MULTIPLICADOR
B2: CALCULO DEL FACTOR MULTIPLICADOR
B3: OBJETO | C3: =+'1 BIRIF'!D3 -> 0
C4: Nombre o razón social del proponente
C5: NIT del proponente
C6: Nombre del representante legal
B8: Ítem | C8: DESCRIPCIÓN | E8: %
B9: A | C9: Salario básico
B10: B | C10: Prestaciones sociales | D10: =SUM(D11:D14) -> 0 | E10: =SUM(E11:E14) -> 0
C11: Primas de servicio
C12: Cesantías
C13: Intereses sobre cesantías
C14: Dotación de ley
B15: C | C15: Sistema de seguridad social integral | D15: =SUM(D16:D18) -> 0 | E15: =SUM(E16:E18) -> 0
C16: Salud
C17: Riesgos profesionales
C18: Pensiones
B19: D | C19: Otros | D19: =SUM(D20:D24) -> 0 | E19: =SUM(E20:E24) -> 0
C20: CREE
C21: Fondo de la industria de la construcción
C22: Subsidio familiar
C23: Vacaciones
C24: Indemnizaciones
C25: Subtotal B + C | E25: =E10+E15 -> 0
C26: Subtotal A + B + C + D | E26: =E9+E10+E15+E19 -> 0
B27: Ítem | C27: Descrición | E27: %
B28: E | C28: Costos indirectos | E28: =E29+E32 -> 0
B29: E1 | C29: Gastos generales | D29: =SUM(D30:D31) -> 0 | E29: =SUM(E30:E31) -> 0
C30: Elementos de seguridad industrial
C31: Plan de manejo ambiental
B32: E2 | C32: Impuestos, timbres, perfeccionamiento | D32: =SUM(D33:D36) -> 0 | E32: =SUM(E33:E36) -> 0
C33: Impuesto de timbre
C34: Publicación
C35: Otros impuestos
C36: Garantía única y RCE
C37: Subtotal E1 + E2 | E37: =E29+E32 -> 0
B38: Ítem | C38: Descripción | E38: %
B39: F | C39: Honorarios (incluye gastos contingentes)
B40: Factor multiplicador
C41: Factor multiplicador (A + B + C + D + E + F) | E41: =E10+E15+E19+E28+E39 -> 0
B43: SI REQUIERE INCLUIR MAS CONCEPTOS REALICE LA INCLUSION, ASI MISMO SI CONSIDERA QUE ALGUNO NO APLICA PUEDE MODIFICAR LOS MISMOS, NO OBSTANTE DEBE INCLUIR TODOS LOS CONCEPTOS QUE REQUIERA, PUES ESTE FACTOR NO TENDRA MODIFICACION ALGUNA.

Sheet RESUMEN DE SU OFERTA
C2: GRUPO 3 | G2: VALOR ASIGNADO | J2: RAZON SOCIAL
C3: 9 | D3: CONSTRUCCION PLANTA DE TRATAMIENTO DE AGUA RESIDUAL Y TRAMO DE REDES DE ALCANTARILLADO | E3: BATALLON DE INFANTERIA AEROTRANSPORTADA Nº 31 RIFLES - CACERES - ANTIOQUIA | F3: BIRIF | G3: 174063392 | J3: =+'1 BIRIF'!J34 -> 0
C4: 10 | D4: ADECUACION DE LA RED DE ALCANTARILLADO PARA LA INSTALACION Y PUESTA EN FUNCIONAMIENTO PTAR BITER 11 | E4: BATALLON DE INSTRUCCIÓN, ENTRENAMIENTO Y REENTRENAMIENTO N°11, TIERRA ALTA, CORDOBA | F4: BITER 11 | G4: 1.1305094e+08 | J4: =+'2 BITER 11'!J34 -> 0
C5: TOTAL | G5: =SUM(G3:G4) -> 2.8711433e+08 | J5: =SUM(J3:J4) -> 0
